 Dungeon Crawl Stone Soup version 0.31-a0-968-g24f9ace8b5 (webtiles) character file.

Game seed: 7899615668453387846

1136 LeprechaunX the Changeling (level 8, 0/52 (54) HPs)
             Began as an Octopode Shapeshifter on Oct 27, 2023.
             Was a Priest of Nemelex Xobeh.
             Slain by Duvessa
             ... wielding a +2 rapier of draining
              (15 damage)
             ... on level 6 of the Dungeon.
             The game lasted 00:09:00 (4771 turns).

LeprechaunX the Changeling (Octopode Shapeshifter)  Turns: 4771, Time: 00:09:00

HP:   0/52 (54)     AC:  1    Str: 13    XL:     8   Next: 36%
MP:   10/10         EV: 13    Int: 13    God:    Nemelex Xobeh [***...]
Gold: 200           SH:  0    Dex: 13    Spells: 8/10 levels left

rFire   . .          .
                       - Unarmed
rCold   . . .        (no shield)
rNeg    . . .        (helmet currently unavailable)
rPois   .            (no amulet)
rElec   .            t - +4 ring of slaying
rCorr   .            (no ring)
SInv    .            (no ring)
Will    .....        (no ring)
Stlth   ++           (no ring)
HPRegen 0.28/turn    (no ring)
MPRegen 0.12/turn    (no ring)
                     (no ring)

%: no passive effects
@: beast-form, lightly drained
A: beast (slay +3), almost no armour, amphibious, 8 rings, camouflage 1,
gelatinous body 1, (nimble swimmer 1), tentacles
a: Begin Untransformation, Renounce Religion, Draw Escape, Draw Destruction,
Draw Summoning, Triple Draw


You were on level 6 of the Dungeon.
You worshipped Nemelex Xobeh.
Nemelex Xobeh was most pleased with you.
You were a hulking beast.
You visited 1 branch of the dungeon, and saw 6 of its levels.
You also visited: Sewer.

You collected 200 gold pieces.

Inventory:

Missiles
 n - a boomerang (quivered)
Armour
 A - a +1 hat
Jewellery
 t - a +4 ring of slaying (left tentacle)
Talismans
 b - a beast talisman
 c - a flux talisman
 e - a maw talisman
Scrolls
 d - 4 scrolls of blinking {unknown}
 f - a scroll of revelation {unknown}
 h - a scroll of torment {unknown}
 i - a scroll of amnesia {unknown}
 l - 4 scrolls of identify {unknown}
 p - a scroll of fog {unknown}
 r - a scroll of enchant weapon {unknown}
 s - 2 scrolls of poison {unknown}
 u - a scroll of teleportation {unknown}
 w - 2 scrolls of fear {unknown}
 y - a scroll of acquirement {unknown}
 B - a scroll of immolation {unknown}
Potions
 a - 2 potions of lignification
 g - a potion of attraction {unknown}
 j - 4 potions of heal wounds {unknown}
 k - 2 potions of degeneration {unknown}
 m - a potion of might {unknown}
 o - 2 potions of curing {unknown}
 q - a potion of enlightenment {unknown}
 v - 3 potions of cancellation {unknown}
 x - a potion of resistance {unknown}
 z - a potion of invisibility {unknown}


   Skills:
 + Level 4.0 Fighting
 - Level 2.0 Dodging
 + Level 5.0 Unarmed Combat
 + Level 1.8 Spellcasting
 + Level 2.1 Transmutations
 + Level 3.8 Invocations
 * Level 6.0 Shapeshifting


You had 8 spell levels left.
You knew the following spells:

 Your Spells              Type           Power      Damage    Failure   Level
a - Wereblood             Tmut           6%         N/A       16%         2

Your spell library contained the following spells:

 Spells                   Type           Power      Damage    Failure   Level
 Kiss of Death            Conj/Necr      4%         2d5       26%         1
 Necrotise                Necr           4%         1d4       26%         1
 Lesser Beckoning         Tloc           2%         N/A       36%         2
 Call Canine Familiar     Summ           1%         N/A       61%         3
 Confusing Touch          Hex            1%         N/A       61%         3
 Gell's Gravitas          Tloc           1%         N/A       61%         3
 Sigil of Binding         Hex            1%         N/A       61%         3
 Teleport Other           Tloc           1%         N/A       61%         3
 Vampiric Draining        Necr           1%         2d6       61%         3
 Dimensional Bullseye     Hex/Tloc       0%         N/A       95%         4
 Dispel Undead            Necr           1%         3d6       95%         4
 Leda's Liquefaction      Hex/Erth       0%         N/A       95%         4
 Irradiate                Conj/Tmut      1%         3d12      99%         5
 Agony                    Necr           1%         N/A       100%        5


Dungeon Overview and Level Annotations

Branches:
Dungeon (6/15)              Sewer (visited)
 Temple: D:4-7

Altars:
Nemelex Xobeh
Zin

Shops:
D:2 (   D:5 *

Annotations:
D:6 Duvessa


Innate Abilities, Weirdness & Mutations

You are a hulking beast.
Your limbs bulge with bestial killing power. (Slay +3)
You cannot wear most types of armour.
You are amphibious.
You can wear up to eight rings at the same time.
Your skin changes colour to match your surroundings (Stealth+).
Your rubbery body absorbs attacks. (AC +1, EV +1)
((You are camouflaged when in or above water. (Stealth+)))
You have tentacles for arms and can constrict up to eight enemies at once.


Message History

Press: ? - help, Q - select action, (/) - cycle Shift-Dir - straight line, f - Dowan
Aim: Dowan, wielding a +0 dagger, wearing a +0 robe and carrying a wand of flame (asleep, 98% to hit)
You throw a boomerang. The boomerang hits Dowan.
Dowan is lightly wounded.
Dowan gestures at you while chanting. The puff of flame misses you.
Dowan zaps a wand.
The puff of flame hits you!
You tentacle-slap Duvessa but do no damage.
You grab Duvessa.
You constrict Duvessa, but do no damage.
Duvessa barely misses you.
You bludgeon Duvessa! You squeeze Duvessa!
Duvessa is heavily wounded.
You constrict Duvessa.
Duvessa hits you with a +2 rapier of draining!
You feel drained.
Unknown command.
You tentacle-slap Duvessa. You squeeze Duvessa.
Duvessa is severely wounded.
You constrict Duvessa, but do no damage.
Duvessa hits you with a +2 rapier of draining!
You feel drained.
* * * LOW HITPOINT WARNING * * *
You draw a card...
You have drawn the Storm.
A mighty gale blasts forth from the card!
Duvessa is knocked back by the gust of wind.
Duvessa slams into the rock wall!
Duvessa screams in rage.
Duvessa goes berserk!
You feel a bit more experienced.
The electrical discharge engulfs Duvessa.
Duvessa is almost dead.
You hear violent peals of thunder!
You constrict Duvessa, but do no damage.
Unknown command.
You tentacle-slap Duvessa but do no damage.
Duvessa is almost dead.
You constrict Duvessa.
Duvessa hits you with a +2 rapier of draining!
You die...
Your body disappears without a glow.

##### ...# #
###.##.#
#...h..#
.....#e#######
##. #<)......
#..####.. ...#
##..# #..#
#... ####


You could see Duvessa (berserk).

Vanquished Creatures
  A water moccasin (D:5)
  An ogre (D:5)
  A phantom (D:4)
  2 kobold brigands (Sewer)
  Dowan (D:6)
  5 hounds (D:5)
  A gnoll bouda (D:4)
  An orc wizard (D:5)
  An iguana (D:5)
  11 gnolls
  6 adders
  2 ufetubi (D:5)
  A worm (D:4)
  A dart slug (D:2)
  8 orcs
  7 bats
  9 endoplasms
  3 giant cockroaches
  5 goblins
  9 hobgoblins
  9 jackals
  3 quokkas
  7 ball pythons
  8 frilled lizards
  20 kobolds
  6 rats
129 creatures vanquished.

Vanquished Creatures (collateral kills)
  Sigmund (D:3)
  An endoplasm (D:3)
2 creatures vanquished.

Grand Total: 131 creatures vanquished

Notes
Turn   | Place    | Note
-------+----------+-------------------------------------------
     0 | D:1      | LeprechaunX the Octopode Shapeshifter began the quest for
                  | the Orb.
     0 | D:1      | Reached XP level 1. HP: 13/13 MP: 1/1
   223 | D:1      | Reached XP level 2. HP: 13/18 MP: 2/2
   764 | D:2      | Reached XP level 3. HP: 23/23 MP: 3/3
   841 | D:2      | Found a faded altar of an unknown god.
   860 | D:2      | Found Ciatz's Antique Weapon Boutique.
   874 | D:2      | Prayed at the altar of an unknown god.
   874 | D:2      | Became a worshipper of Nemelex Xobeh the Trickster
   874 | D:2      | Reached * piety under Nemelex Xobeh
   975 | D:2      | Received a gift from Nemelex Xobeh
  1202 | D:2      | Reached XP level 4. HP: 16/29 MP: 4/4
  1204 | D:2      | Reached skill level 1 in Invocations
  1415 | D:3      | Found a glowing silver altar of Zin.
  1582 | D:3      | Reached skill level 4 in Shapeshifting
  1698 | D:3      | Noticed Sigmund
  1732 | D:3      | Killed Sigmund
  1733 | D:3      | Reached XP level 5. HP: 31/35 MP: 4/6
  1733 | D:3      | Reached XP level 6. HP: 36/41 MP: 4/7
  2201 | D:3      | Reached ** piety under Nemelex Xobeh
  2596 | D:4      | Received a gift from Nemelex Xobeh
  2919 | D:4      | Learned a level 2 spell: Wereblood
  2928 | D:4      | Reached skill level 5 in Shapeshifting
  2928 | D:4      | Reached XP level 7. HP: 25/46 MP: 7/9
  3420 | D:5      | Entered Level 5 of the Dungeon
  3544 | D:5      | Reached skill level 1 in Transmutations
  3558 | D:5      | Found Wiwoum's Gadget Gallery.
  3597 | D:5      | Found a glowing drain.
  3609 | Sewer    | Entered a sewer
  3664 | Sewer    | Received a gift from Nemelex Xobeh
  3724 | Sewer    | Reached skill level 1 in Spellcasting
  3951 | D:5      | Reached XP level 8. HP: 54/54 MP: 10/10
  4016 | D:5      | Reached *** piety under Nemelex Xobeh
  4392 | D:5      | Received a gift from Nemelex Xobeh
  4430 | D:5      | Reached skill level 5 in Unarmed Combat
  4532 | D:5      | Reached skill level 6 in Shapeshifting
  4761 | D:6      | Noticed Duvessa
  4761 | D:6      | Noticed Dowan
  4770 | D:6      | Killed Dowan
  4771 | D:6      | Slain by Duvessa

Illustrated notes

Levels and vault maps discovered:
D:1:      dpeg_arrival_tiny_a, layout_loops_cross
D:2:      layout_loops_ring, hellmonk_ecumenical_altar_pennies_from_heaven,
          serial_shops, shop
D:3:      layout_loops_ring, zin_treasury, uniq_sigmund
D:4:      layout_cave_pods, dk_noncrumbling_4, minmay_surrounded
D:5:      minmay_spotlight, layout_basic, portal_sewer_entry_d,
          nicolae_shop_gadgets
D:6:      kennysheep_six_static_rooms, layout_loops_cross, nicolae_benzene_ring,
          nicolae_wooded_promenade, corexii_leaking_fountain, uniq_eustachio,
          uniq_duvessa

Skill      XL: |  1  2  3  4  5  6  7  8 |
---------------+-------------------------+-----
Fighting       | 2 3 4 |  4.0
Invocations    | 2 3 |  3.8
Shapeshifting  | 4 5 6 |  6.0
Unarmed Combat | 4 5 |  5.0
Transmutations | 1 2 |  2.1
Spellcasting   | 1 |  1.8
Dodging        | |  2.0

Action                     |  1- 3 |  4- 6 |  7- 9 || total
---------------------------+-------+-------+-------++-------
  Melee: Unarmed           |    63 |    78 |    91 ||   232
         Constrict         |    20 |    19 |    25 ||    64
         Tentacles         |     7 |    14 |    20 ||    41
         Punch             |       |     4 |     2 ||     6
  Throw: Boomerang         |       |     2 |     7 ||     9
 Invoke: Draw Destruction  |     1 |       |     2 ||     3
         Draw Summoning    |       |     1 |       ||     1
   Stab: Sleeping          |     9 |     4 |     9 ||    22
 Armour: Skin              |    24 |    33 |    43 ||   100
  Dodge: Dodged            |    31 |    37 |    39 ||   107

Table legend: (Time is in decaauts)
 A = Elapsed time spent in this place.
 B = Non-inter-level travel time spent in this place.
 C = Inter-level travel time spent in this place.
 D = Time resting spent in this place.
 E = Time spent auto-exploring this place.
 F = Levels seen in this place.
 G = Mean time per level.
                   A        B        C        D        E       F      G
               +--------+--------+--------+--------+--------+-----+--------+
         Total |   4755 |   4513 |    242 |    263 |   3384 |   7 |  679.3 |
       Dungeon |   4440 |   4198 |    242 |    244 |   3181 |   6 |  740.0 |
         Sewer |    315 |    315 |      0 |     19 |    203 |   1 |  315.0 |
               +--------+--------+--------+--------+--------+-----+--------+

Top non-repeatable levels by time:
     D:3: 1025 daAuts
     D:5: 1020 daAuts
     D:4: 992 daAuts
     D:1: 706 daAuts
     D:2: 685 daAuts
   Sewer: 315 daAuts
     D:6: 9 daAuts
